Map: New Gettysburg LE

Players

Tenonee - Winner!

  • Race: Terran Terran
  • League: Diamond

SuzaKu

  • Race: Terran Terran
  • League: Diamond

VOD

Have the link to the VOD?

Description

Time

  • Played on: July 30, 2016, 9:39 a.m.
  • Length: 19:54
Show
View Real Time Build Order
Export as new Build Order

Tenonee Terran - Winner!

Build Orders: Bio Tank 

Get SALT Encoding   

  12  0:01  SCV  
  13  0:13  SCV  
  14  0:19  Supply Depot  
  14  0:26  SCV  
  15  0:40  SCV  
  15  0:41  Barracks  
  16  0:49  Supply Depot  
  16  0:54  SCV  
  17  1:06  SCV  
  17  1:10  Refinery  
  18  1:18  SCV  
  19  1:30  Orbital Command  
  19  1:34  Marine  
  20  1:55  Command Center, Marine  
  21  2:06  SCV  
  22  2:19  SCV  
  22  2:26  Barracks Tech Lab  
  22  2:30  Factory  
  22  2:31  SCV  
  22  2:32  Refinery  
  23  2:43  Barracks, SCV  
  24  2:49  Marine  
  25  2:55  SCV  
  26  2:59  Stimpack  
  26  3:04  Supply Depot  
  26  3:07  SCV  
  26  3:10  Marine  
  28  3:16  Factory Tech Lab  
  29  3:20  SCV  
  29  3:21  Orbital Command  
  29  3:29  Marine  
  29  3:32  Barracks Reactor, SCV  
  31  3:42  Orbital Command  
  31  3:44  SCV  
  32  3:50  Siege Tank  
  32  3:51  Marine  
  36  3:56  SCV  
  37  4:08  Marine x2  
  37  4:09  Marine  
  40  4:10  SCV x2  
  41  4:22  SCV x2  
  43  4:26  Marine x2  
  43  4:28  Siege Tank  
  48  4:34  Marine  
  48  4:44  Marine  
  46  4:49  Marine  
  46  4:52  Marine  
  47  5:00  SCV x2  
  47  5:02  Marine, Siege Tank  
  52  5:07  Marine  
  52  5:10  Marine  
  52  5:13  SCV  
  55  5:19  Marine  
  55  5:20  Combat Shields  
  56  5:25  Marine, SCV x2  
  56  5:28  Marine  
  60  5:29  Engineering Bay  
  60  5:33  Barracks  
  59  5:37  Marine, SCV  
  56  5:44  Marine  
  56  5:47  Siege Tank  
  56  5:48  Marine  
  60  5:52  Supply Depot  
  60  5:55  Marine  
  60  5:56  Starport, Supply Depot  
  61  5:57  Terran Infantry Weapons Level 1  
  61  6:01  SCV, Refinery  
  61  6:02  Refinery  
  62  6:14  Marine x3, SCV  
  66  6:22  SCV  
  66  6:24  Barracks Reactor  
  67  6:26  SCV  
  67  6:31  Marine  
  70  6:34  SCV  
  70  6:36  Siege Tank  
  70  6:38  SCV  
  74  6:42  Concussive Shells  
  74  6:47  Barracks Reactor  
  74  6:53  Marine  
  73  7:05  Missile Turret  
  72  7:11  Marine  
  72  7:12  Command Center  
  72  7:13  Marine x2  
  72  7:14  Medivac  
  76  7:17  Missile Turret  
  76  7:23  SCV x2  
  78  7:35  Missile Turret  
  78  7:36  Missile Turret  
  78  7:42  Marine, SCV x2  
  81  7:44  Supply Depot  
  81  7:49  Marine  
  81  7:50  Marine x2  
  84  7:55  SCV  
  84  7:58  Terran Infantry Armor Level 1  
  84  8:03  Marine  
  83  8:07  Marine x2  
  83  8:08  Siege Tank  
  88  8:17  SCV x2  
  90  8:23  Supply Depot  
  90  8:27  Orbital Command  
  90  8:29  Marine, SCV  
  91  8:41  Marine x2  
  90  8:56  Marine x3  
  90  8:57  Siege Tank  
  90  8:58  Viking, Medivac, Marine  
  90  8:59  Marine  
  99  9:20  Marine x3  
  99  9:21  Marine x2  
  104  9:27  Supply Depot  
  104  9:30  Supply Depot  
  104  9:38  Marine x4  
  102  9:39  Marine  
  102  9:44  Viking, Medivac, Siege Tank  
  113  9:53  SCV x2  
  113  9:56  Marine x2  
  113  9:58  SCV  
  118  10:04  Armory  
  118  10:05  Marine, SCV  
  120  10:07  Engineering Bay  
  120  10:08  Marine x2  
  121  10:15  Marine  
  121  10:20  Marine  
  123  10:22  SCV x3  
  123  10:27  Medivac  
  128  10:33  Supply Depot  
  128  10:34  SCV x3  
  131  10:38  Medivac  
  133  10:55  Siege Tank  
  116  11:14  Marine x5  
  116  11:18  Viking, Medivac  
  122  11:31  Marine  
  122  11:32  Marine x3  
  120  11:35  Marine  
  120  11:36  Siege Tank  
  121  11:47  Command Center, SCV x3  
  122  11:48  Viking, Medivac  
  122  11:49  Marine x2  
  122  11:50  Marine  
  122  11:51  Marine, Barracks  
  122  11:52  Barracks  
  122  11:53  Marine  
  133  11:56  Barracks  
  133  11:58  Barracks  
  133  11:59  SCV  
  134  12:07  Marine x2  
  133  12:09  Marine  
  133  12:10  Marine  
  127  12:18  Marine  
  127  12:19  Siege Tank  
  127  12:20  Viking, Medivac  
  130  12:25  Marine x2  
  130  12:27  Marine x2  
  132  12:46  Barracks Reactor  
  132  12:47  Barracks Reactor x3, Terran Infantry Weapons Level 2, Terran Infantry Armor Level 2  
  132  12:49  Marine  
  132  12:50  Viking  
  135  12:53  Supply Depot x2  
  135  12:57  Supply Depot  
  135  13:04  Command Center  
  129  13:14  Marine  
  129  13:15  Marine x4  
  129  13:16  Siege Tank  
  129  13:17  Medivac  
  139  13:20  Viking  
  139  13:22  Marine x2  
  143  13:32  Marine  
  143  13:33  Marine x4  
  148  13:35  Marine x2  
  148  13:36  Marine x4  
  148  13:39  Marine  
  148  13:40  Marine  
  156  13:50  Marine  
  156  13:51  Marine x2, Marauder  
  157  14:02  Marine x5  
  153  14:03  Marine  
  151  14:14  Marine x7  
  151  14:15  Siege Tank  
  151  14:16  Viking, Medivac  
  165  14:19  Marine  
  165  14:20  Marine x5  
  171  14:31  Marine  
  171  14:34  Marine x6  
  171  14:37  Marine x2, Terran Vehicle Weapons Level 1  
  180  14:42  Supply Depot  
  180  14:43  Planetary Fortress  
  180  14:45  Planetary Fortress  
  180  15:05  Marine  
  180  15:06  Marine  
  181  15:16  Marine x2  
  181  15:18  Marine x2  
  185  15:23  Marine x9  
  185  15:25  Medivac x2, Siege Tank  
  194  15:33  Marine  
  194  15:34  Terran Infantry Weapons Level 3  
  195  15:36  Marine x2  
  195  15:41  Marine x7  
  195  15:42  Marine  
  198  15:55  Medivac  
  197  15:59  Marine  
  197  16:00  Marine  
  162  16:26  Marine x2  
  162  16:27  Marine x2, Marauder  
  168  16:36  Marine  
  168  16:37  Marine x3  
  172  16:43  Marine x2  
  174  16:48  Marauder  
  157  17:02  Marine x2  
  157  17:03  Refinery  
  157  17:04  Refinery  
  157  17:06  Marine  
  159  17:09  Marauder  
  159  17:10  Marine  
  159  17:11  Missile Turret  
  162  17:18  Marine  
  162  17:22  Marine x2  
  165  17:31  Marauder  
  165  17:33  Marine x3  
  166  17:52  Marauder  
  166  17:58  Marine x3  
  171  18:07  Marine  
  171  18:08  Marine x3  
  171  18:11  Liberator x2  
  173  18:14  Marauder  
  164  18:26  Marine x11  
  169  18:35  Marauder  
  169  18:40  Siege Tank  
  174  18:43  Marine  
  174  18:44  Marine x10  
  185  18:56  Marauder  
  185  19:01  Marine  
  185  19:02  Marine x5  
  193  19:04  Marine x5  
  198  19:17  Marine  
  198  19:23  Factory  
Show
View Real Time Build Order
Export as new Build Order

SuzaKu Terran 

Build Orders:  

Get SALT Encoding   

  12  0:01  SCV  
  13  0:13  SCV  
  14  0:20  Supply Depot  
  14  0:25  SCV  
  15  0:31  Refinery  
  15  0:41  SCV  
  16  0:45  Barracks  
  16  0:53  SCV  
  17  1:08  SCV  
  18  1:16  Refinery  
  18  1:20  SCV  
  19  1:33  SCV  
  19  1:34  Marine  
  19  1:37  Supply Depot  
  21  1:43  Factory  
  21  1:48  Orbital Command  
  21  2:02  Marine  
  22  2:23  Barracks Reactor  
  22  2:25  SCV  
  23  2:36  Factory Tech Lab  
  23  2:39  Starport, SCV  
  24  2:57  Siege Tank  
  26  2:59  SCV  
  26  3:02  Marine x2  
  29  3:12  SCV  
  30  3:24  Viking  
  30  3:25  Supply Depot  
  32  3:29  SCV  
  32  3:30  Marine x2  
  35  3:48  SCV  
  36  3:52  Marine x2  
  38  3:58  Medivac  
  40  4:16  Marine x2  
  38  4:41  Command Center  
  36  5:10  Marine x2  
  38  5:19  SCV  
  39  5:26  Banshee  
  39  5:27  Cloaking Field, Barracks  
  42  5:29  Factory Tech Lab  
  42  5:33  Marine x2, SCV  
  42  5:34  Barracks  
  45  5:35  Barracks  
  41  5:45  SCV  
  41  5:50  Siege Tank  
  41  5:55  Orbital Command  
  44  6:01  Refinery  
  44  6:07  Marine x2  
  46  6:18  Banshee  
  49  6:19  SCV  
  50  6:27  SCV  
  50  6:28  Barracks Reactor, Marine x2  
  50  6:29  Barracks Tech Lab  
  50  6:31  SCV  
  54  6:39  SCV  
  55  6:42  Siege Tank  
  55  6:43  SCV  
  59  6:50  Marine  
  59  6:51  Marine  
  59  6:52  SCV  
  62  7:28  Stimpack  
  62  7:30  Supply Depot  
  62  7:32  SCV x2, Marine x2, Barracks  
  62  7:33  Marauder  
  68  7:38  Command Center  
  68  7:40  Marine x2  
  70  7:44  Engineering Bay  
  70  7:46  Engineering Bay  
  70  7:52  Banshee, Siege Tank  
  76  8:08  Marine x2  
  76  8:12  Terran Infantry Weapons Level 1  
  78  8:13  Supply Depot  
  78  8:34  Marine x5  
  78  8:35  SCV x2  
  85  8:42  Siege Tank  
  85  8:53  Barracks Reactor  
  85  8:54  Starport Reactor  
  82  8:57  Barracks Tech Lab  
  82  9:00  Marine x2  
  82  9:01  Marine x2  
  82  9:02  Marauder  
  88  9:05  Refinery  
  88  9:11  SCV x2  
  79  9:29  Marine x2  
  79  9:30  Siege Tank  
  77  9:46  Marine  
  77  9:47  Marine x2  
  80  10:02  Marine x2  
  80  10:03  Marauder x2  
  80  10:04  Siege Tank  
  89  10:12  Marine x2  
  89  10:14  Liberator, Combat Shields  
  91  10:19  Planetary Fortress  
  91  10:25  Barracks x2, Marauder  
  91  10:27  Barracks  
  93  10:30  Marine x2  
  93  10:31  Marine, Marauder  
  101  10:36  Supply Depot  
  101  10:37  Factory  
  101  10:39  Supply Depot  
  101  10:45  Barracks  
  101  10:55  Medivac  
  101  10:56  Siege Tank  
  78  11:13  Marine x2  
  77  11:30  Liberator  
  67  11:34  Marine x4  
  67  11:35  Marine x2  
  67  11:36  Marauder x2  
  77  11:47  Medivac  
  82  11:57  Marauder x2  
  82  12:01  SCV x2  
  88  12:18  Marine x2  
  88  12:19  Marine x4  
  88  12:20  Marauder x2  
  98  12:29  SCV x3  
  101  12:33  Barracks Reactor  
  101  12:34  Barracks Reactor  
  101  12:35  Barracks Reactor  
  101  12:36  Marine x2  
  103  12:40  Command Center, Terran Infantry Armor Level 1, Armory  
  103  12:41  Marauder  
  105  12:46  Marine x3  
  105  12:47  Marauder  
  105  12:51  Marine  
  111  12:54  Marine  
  111  12:55  Marine  
  111  12:56  Siege Tank  
  116  13:01  Refinery  
  116  13:02  Marine  
  114  13:08  Marauder  
  106  13:19  Marine x4  
  110  13:31  Viking x2  
  110  13:39  Marine x7  
  117  13:52  Marine, Marauder x2  
  76  14:11  Marine x5  
  76  14:12  Marine x7  
  76  14:13  Marine x2  
  76  14:14  SCV  
  91  14:27  Viking x2  
  91  14:29  Marine x3  
  98  14:31  Refinery  
  98  14:32  SCV x2  
  98  14:38  SCV x2  
  102  14:40  Marine x2  
  102  14:44  SCV x2  
  106  14:57  Marine x4  
  106  14:58  Marine x4  
  106  14:59  Marauder x2  
  118  15:04  Orbital Command  
  118  15:10  Marine x3  
  121  15:17  Marine x2, Siege Tank  
  121  15:18  Marine x2  
  121  15:20  Marauder  
  105  16:00  Marine  
  105  16:01  Marine x11  
  105  16:02  Siege Tank  
  114  16:18  Marine  
  92  16:19  Marine x7  
  94  16:26  Marine  
  94  16:27  Marine x3  
  98  16:36  Marine  
  99  16:40  Marine  
  99  16:41  Marine x2  
  102  16:52  Marine x3  
  102  16:53  Marine  
  78  17:04  Marine  
  79  17:31  Command Center  
  63  18:08  Marine  
  63  18:09  Marine x8  
  58  18:26  Marine  
  58  18:27  Marine x8  
  67  18:34  Medivac  
  69  18:48  Orbital Command  
  69  18:49  Medivac  
  71  19:06  Marine  
  72  19:16  Medivac  
  74  19:17  Marine x2  
Tags
 
Add a new tag
Caveats
  • Supply blocks, unpowered buildings, or Contaminate may cause inaccurate times.
  • Supply counts are checked every 10 seconds.